 Dungeon Crawl Stone Soup version 0.22-a0-609-gfedc9ff (webtiles) character file.

32 Dancorps13 the Sneak (level 3, 0/27 HPs)
             Began as a Vampire Assassin on July 11, 2018.
             Slain by a rat (2 damage)
             ... on level 2 of the Dungeon.
             The game lasted 00:13:43 (975 turns).

Dancorps13 the Sneak (Vampire Assassin)              Turns: 975, Time: 00:13:43

Health: 0/27       AC:  3    Str: 10    XL:     3   Next: 10%
Magic:  3/3        EV: 12    Int: 13    God:
Gold:   13         SH:  0    Dex: 16    Spells: 2/2 levels left

rFire    . . .     SeeInvis +   a - +2 dagger
rCold    . . .     Gourm    .   (no shield)
rNeg     + . .     Faith    .   c - +0 robe
rPois    .         Spirit   .   (no helmet)
rElec    .         Reflect  .   d - +0 cloak
rCorr    .         Harm     .   (no gloves)
MR       .....                  (no boots)
Stlth    ++........             (no amulet)
HPRegen  0.09/turn              m - ring of loudness (curse)
MPRegen  0.08/turn              t - ring of wizardry

@: lethally poisoned (0 -> -6)
A: fangs 3, see invisible, unbreathing
a: Bat Form


You were on level 2 of the Dungeon.
You were not thirsty.

You visited 1 branch of the dungeon, and saw 2 of its levels.

You collected 13 gold pieces.

Inventory:

Hand Weapons
 a - a +2 dagger (weapon)
 b - a +0 blowgun
Missiles
 e - 8 poisoned needles
 f - 2 curare-tipped needles
 h - 21 sling bullets
 i - 41 arrows
Armour
 c - a +0 robe (worn)
 d - a +0 cloak (worn)
Jewellery
 m - a cursed ring of loudness (left hand)
 t - a ring of wizardry (right hand)
Scrolls
 s - a scroll of identify {unknown}
Potions
 g - 3 potions of blood
 j - a potion of curing {unknown}
 k - a potion of mutation {unknown}
 l - a potion of invisibility {unknown}
 q - a potion of heal wounds {unknown}
Comestibles
 r - a ration


   Skills:
 - Level 1.7 Fighting
 * Level 3.2 Short Blades
 - Level 1.5 Throwing
 + Level 1.9 Dodging
 + Level 6.3 Stealth


You had 2 spell levels left.
You didn't know any spells.
Your spell library was empty.

Dungeon Overview and Level Annotations

Branches:
Dungeon (2/15)

Altars:
Trog


Innate Abilities, Weirdness & Mutations

You have razor-sharp teeth.
You have supernaturally acute eyesight. (SInv)
You can survive without breathing.


Message History

The rat bites you.
You see here 3 gold pieces.
The hobgoblin throws a stone.
The stone misses you.
The stone hits the rat but does no damage.
The rat bites you. x2
The rat bites you.
* * * LOW HITPOINT WARNING * * *
The adder bites you.
* * * LOW HITPOINT WARNING * * *
You are lethally poisoned!
The adder poisons you!
* * * LOW HITPOINT WARNING * * *
You feel sick. The rat bites you but does no damage. The rat barely misses you.
A kobold comes into view.
The hobgoblin hits you with a club.
* * * LOW HITPOINT WARNING * * *
The adder closely misses you.
Found 13 sling bullets.
The rat completely misses you. The rat bites you.
You die...

*,,,,,,,,,,',,,,,,+,,,+,,,,,+
****,****+*#.....,*****,,,,,*
****,****,*#....,,* *,,,,,*
*,,,,,,,*,,+....,,* *,,,,,*
*,,,,##,*#,*...,,,* *,,,,,,
*,,,,.(.##.*#'####* *****,,
*,,,,,##...##....# *,,
*,,,,,#......g.#.# *,,
*,,,,,+.....@rS#<# *,,
*,,,,*#......r.##### *,,
*,,,,*#.....(r$(...# *,,
******#.......(....###### *,,
######...(..##....###**
#..(..##.......##
#.....#.........#
#..†.##....#....##
#....##...###....#


You could see an adder, a hobgoblin and 3 rats.

Vanquished Creatures
  A gnoll (D:1)
  An ooze (D:1)
  2 dart slugs (D:1)
  3 bats (D:1)
  A goblin (D:1)
  2 hobgoblins (D:1)
  2 kobolds
  3 rats (D:1)
15 creatures vanquished.

Notes
Turn   | Place    | Note
-------+----------+-------------------------------------------
     0 | D:1      | Dancorps13 the Vampire Assassin began the quest for the Orb.
     0 | D:1      | Reached XP level 1. HP: 16/16 MP: 1/1
   392 | D:1      | Reached skill level 6 in Stealth
   414 | D:1      | Reached XP level 2. HP: 16/22 MP: 2/2
   725 | D:1      | Reached XP level 3. HP: 17/27 MP: 3/3
   953 | D:2      | Found a bloodstained altar of Trog.
   953 | D:2      | Noticed a moth of wrath
   975 | D:2      | Slain by a rat

Vault maps used:
D:1:      elethiomel_arrival_shortcut
D:2:      tgw_trog

Skill      XL: |  1  2 |
---------------+-------+-----
Stealth        | 6 |  6.3
Short Blades   | 3 |  3.2
Fighting       | |  1.7
Throwing       | |  1.5
Dodging        | |  1.9

Action                   || total
-------------------------++-------
Melee: Dagger            ||    42
       Bite              ||     3
 Fire: Blowgun           ||     1
  Use: Scroll            ||     3
 Stab: Sleeping          ||     3
Armor: Robe              ||    16
Dodge: Dodged            ||    42

Table legend:
 A = Spawn XP
 B = Non-spawn XP
 C = Spawn XP percentage of total XP
 D = Spawn monster count
 E = Non-spawn monster count
 F = Spawn count percentage of total count
 G = Total turns spent on level
                    A         B        C        D         E        F      G
               +---------+---------+-------+---------+---------+-------+---------
         Total |       0 |      47 |   0.0 |       0 |      15 |   0.0 |   975
               +---------+---------+-------+---------+---------+-------+---------
           D:1 |       0 |      46 |   0.0 |       0 |      14 |   0.0 |   931
           D:2 |       0 |       1 |   0.0 |       0 |       1 |   0.0 |    44
               +---------+---------+-------+---------+---------+-------+---------
